Zazza, neutral female human Tourist ------- ----- ------ --------------- |.....| |f.ko| |....| |.............| #-.....| #@o..o| |....| |.............| ###|.....| ###|...h| |.....# |.............| # ----.-- # ----- |....|# --.-----|------ ### # ### |.>..|# ######### # # # |....|### ### # ### # ### ------ # # ### # # # ### ######### ####` ####### #### # ---.---- ---.---------# #### ###|.<...`| |...........|# # # #-......| |............# ## # |....... |...........| -|---# -------- |...........| |...-# |...........| |...| |...........| |...| ------------- ----- Zazza the Rambler Experience level: 1 Strength: 15 Dexterity: 10 Constitution: 15 Intelligence: 13 Wisdom: 7 Charisma: 18 Health: 0(10) Energy: 2(2) Def: 3 Gold: 1250 Moves: 2278 Dungeon seed: 58KMuA1T0VXEwOFn Game ID: Zazza_1581839517 Your Inventory: Coins $ - 1250 gold pieces Weapons a - 38 +2 darts (in quiver) y - a +0 dagger (weapon in hand) C - a +0 arrow Armor e - an uncursed +0 Hawaiian shirt (being worn) q - an uncursed +0 studded leather armor (being worn) Comestibles b - 4 uncursed food rations c - 2 uncursed eggs g - an uncursed tripe ration h - an uncursed fortune cookie Scrolls k - 3 uncursed scrolls of magic mapping p - a blessed scroll of fire H - a blessed scroll of identify I - an uncursed scroll of confuse monster Potions i - a blessed potion of extra healing j - an uncursed potion of extra healing t - an uncursed potion of water Rings u - a cursed ring of free action named cursed Wands D - a wand of speed monster (0:3) Tools m - an expensive camera (0:81) n - an uncursed credit card x - a +0 pick-axe J - an uncursed tin whistle Gems r - an uncursed worthless piece of white glass z - an uncursed worthless piece of black glass Spells and supernatural/magical abilities: Name Level Category Fail Memory W - pray for help -- divine ? -- Your skills at the end: Fighting Skills Weapon Skills dart [Basic] Spellcasting Skills Final Attributes: You were stridently aligned. You were fast. You are dead. Vanquished creatures: 2 bugbears an acid blob a gas spore a hobbit 2 hobgoblins a gnome zombie a gecko 5 jackals a fox a kobold 2 goblins 4 sewer rats 4 grid bugs 5 lichens 2 kobold zombies 5 newts 38 creatures vanquished. Voluntary challenges: You followed a strict vegan diet. You were an atheist. You used a wielded weapon 9 times, starting on turn 1193. You read items or engraved 8 times, starting on turn 685. You never genocided any monsters. You never polymorphed an object. You never changed form. You used no wishes. You never split a pudding. You wrote Elbereth's name 6 times, starting on turn 1732. You never violated your personal moral code. Dungeon overview: The Dungeons of Doom: levels 1 to 5 Level 1 a fountain a long staircase Level 2 some fountains, a sink Level 3 Level 4 a long staircase Level 5 <- You were here a throne History has recorded: On T:1 you entered the Dungeons of Doom to retrieve the Amulet of Yendor! On T:435 you reached level 2 of The Dungeons of Doom. On T:798 you reached level 3 of The Dungeons of Doom. On T:1847 you reached level 4 of The Dungeons of Doom. On T:2070 you reached level 5 of The Dungeons of Doom. Score breakdown: Gold: 1007 (10216 points) Experience: 1 level ( 0 points) Exploration: 5 levels ( 10.42%) ( 8751 points) Discoveries: 2 items ( 0.67%) ( 2457 points) Valuables value: (no points given unless you survive) Artifact value: 0 ( 0 points) Variety of kills: 16 monsters ( 4.20%) ( 6147 points) Turncount: 2278 turns ( -193 points) Survival: died (score multiplied by 80%) Total score: 21902 Latest messages: You miss the bugbear. Armand bites the bugbear. The bugbear hits Armand. The bugbear hits! Armand bites the bugbear. You hit the bugbear. Armand misses the bugbear. You miss the bugbear. (2x) Armand bites the bugbear. The bugbear is killed! Armand eats a bugbear corpse. (2x) Armand bites the hobgoblin. The hobgoblin misses Armand. You enter an opulent throne room! Armand misses the hobgoblin. Armand bites the hobgoblin. The hobgoblin is killed! Armand eats a hobgoblin corpse. Armand bites the hobgoblin. The hobgoblin is killed! You hit the orc-captain. You miss the orc-captain. (2x) The orc-captain hits! (2x) You die... Final status: Aloha Zazza the Tourist, killed by an orc-captain... You died in The Dungeons of Doom on dungeon level 5 with 21902 points, and 1250 pieces of gold, after 2278 moves. You were level 1 with a maximum of 10 hit points when you died.